 Dungeon Crawl Stone Soup version 0.31.0-11-ge490571c62 (webtiles) character file.

Game seed: 14840854242471889998

21 Iwillwin the Chopper (level 2, -1/19 HPs)
             Began as a Demonspawn Wanderer on Feb 2, 2024.
             Slain by a gnoll
             ... wielding a +0 spear
              (6 damage)
             ... on level 2 of the Dungeon.
             The game lasted 00:11:28 (546 turns).

Iwillwin the Chopper (Demonspawn Wanderer)           Turns: 546, Time: 00:11:29

Health: -1/19      AC:  4    Str:  9    XL:     2   Next: 62%
Magic:  5/5        EV: 12    Int:  8    God:
Gold:   41         SH:  0    Dex: 19    Spells: 0/5 levels left

rFire   . . .        a - +2 hand axe
rCold   . . .        (no shield)
rNeg    . . .        d - +0 leather armour
rPois   .            (no helmet)
rElec   .            b - +0 cloak
rCorr   .            (no gloves)
SInv    .            (no boots)
Will    .....        (no amulet)
Stlth   +            (no ring)
HPRegen 0.23/turn    (no ring)
MPRegen 0.09/turn

%: no passive effects
@: no status effects
A: spiny 1
a: no special abilities


You were on level 2 of the Dungeon.
You visited 1 branch of the dungeon, and saw 2 of its levels.

You collected 41 gold pieces.

Inventory:

Hand Weapons
 a - a +2 hand axe (weapon)
 e - a +0 hand axe
 f - a +0 dagger
Missiles
 i - 2 javelins
Armour
 b - a +0 cloak (worn)
 d - a +0 leather armour (worn)
Scrolls
 h - a scroll of identify {unknown}
 j - a scroll of noise {unknown}
Potions
 c - a potion of attraction
 g - a potion of curing {unknown}


   Skills:
 + Level 3.2 Axes
 + Level 1.8 Dodging
 + Level 2.1 Spellcasting
 + Level 2.1 Ice Magic
 + Level 1.0 Evocations


You couldn't memorise any spells.
You knew the following spells:

 Your Spells              Type           Power      Damage    Failure   Level
a - Freeze                Ice            16%        1d4       22%         1
b - Sublimation of Blood  Necr           0%         N/A       58%         2
c - Call Imp              Summ           0%         N/A       58%         2

Your spell library contained the following spells:

 Spells                   Type           Power      Damage    Failure   Level
 Frozen Ramparts          Ice            8%         1d2       54%         3
 Summon Hydra             Summ           0%         N/A       100%        7


Dungeon Overview and Level Annotations

Branches:
Dungeon (2/15)

Altars:


Innate Abilities, Weirdness & Mutations

You are partially covered in sharp spines.


Message History

The jackal bites you.
You hit the jackal but do no damage. The jackal barely misses you.
The gnoll hits you but does no damage.
The jackal bites you but does no damage.
You slash the jackal!
You kill the jackal!
The gnoll closely misses you.
You barely miss the goblin. The gnoll closely misses you.
The goblin is struck by your spines. The goblin closely misses you.
The gnoll hits you from afar with a +0 spear.
The goblin completely misses you.
You closely miss the goblin.
The goblin is severely wounded.
The gnoll hits you from afar with a +0 spear.
The goblin is struck by your spines.
You kill the goblin!
The gnoll is struck by your spines. The gnoll hits you with a +0 spear.
Items here: )) †††.
Found a shiny wooden ring.
The gnoll barely misses you. The gnoll hits you with a +0 spear.
Items here: )) †††.
The gnoll completely misses you.
You see here a lumpy coppery potion.
The gnoll is struck by your spines. The gnoll hits you with a +0 spear.
Items here: )) †††.
The gnoll hits you with a +0 spear.
* * * LOW HITPOINT WARNING * * *
The gnoll closely misses you.
A gnoll comes into view. It is wielding a +0 spear.
Items here: )) †††.
The gnoll hits you but does no damage.
You see here a lumpy coppery potion.
The gnoll attacks as it pursues you! The gnoll closely misses you.
The gnoll misses you.
The gnoll shouts!
The gnoll attacks as it pursues you! The gnoll hits you but does no damage.
There is a stone staircase leading up here.
The gnoll attacks as it pursues you!
The gnoll hits you from afar with a +0 spear.
You die...

..# #.# #.. ## #.#
### .. # #. ... ..#
#.#. #. #.# =.
...#### #. #.#
.#.#..... #.
#.######....###
###.##.....gg......#
#...<.@.g..#######.#
#.#.######## ...
#... (.... ......
#.##... #. #.#.


You could see 2 gnolls and a hobgoblin.

Vanquished Creatures
  A ball python (D:1)
  A giant cockroach (D:1)
  4 goblins
  A hobgoblin (D:1)
  4 jackals (D:2)
  A quokka (D:1)
  4 kobolds
  2 rats (D:1)
18 creatures vanquished.

Notes
Turn   | Place    | Note
-------+----------+-------------------------------------------
     0 | D:1      | Iwillwin the Demonspawn Wanderer began the quest for the
                  | Orb.
     0 | D:1      | Iwillwin set off with the following items: a +2 hand axe, a
                  | +0 cloak, a potion of attraction, a +0 leather armour; and
                  | the following spell memorised: Freeze; and the following
                  | spells available to memorise: Frozen Ramparts.
     0 | D:1      | Reached XP level 1. HP: 13/13 MP: 3/3
    98 | D:1      | Reached skill level 3 in Axes
   125 | D:1      | Gained mutation: You are partially covered in sharp spines.
                  | [demonic ancestry]
   125 | D:1      | Reached XP level 2. HP: 18/19 MP: 5/5
   165 | D:1      | Learned a level 2 spell: Sublimation of Blood
   168 | D:1      | Learned a level 2 spell: Call Imp
   546 | D:2      | Slain by a gnoll

Illustrated notes

Levels and vault maps discovered:
D:1:      minmay_arrival_radiant_lines, layout_loops_cross, amethyst_killhole
D:2:      layout_loops_ring, ebering_ecumenical_altar_webs, basic_altar,
          hex_tiny, hangedman_decor_riveting,
          wander_ebering_terrifying_dragon_lair

Skill      XL: |  1 |
---------------+----+-----
Ice Magic      | 2 |  2.1
Axes           | 3 |  3.2
Dodging        | |  1.8
Spellcasting   | |  2.1
Evocations     | |  1.0

Action                     || total
---------------------------++-------
  Melee: Hand axe          ||    58
         Punch             ||     2
 Armour: Leather armour    ||    41
  Dodge: Dodged            ||    51
